 Dungeon Crawl Stone Soup version 0.31-a0-233-g139696dc86 (webtiles) character file.

Game seed: 13962597257858965794

71 qw the Shooter (level 4, -3/26 HPs)
             Began as a Gargoyle Hexslinger on July 7, 2023.
             Engulfed by a steam dragon's steam (5 damage)
             ... on level 6 of the Dungeon.
             The game lasted 00:00:44 (1486 turns).

qw the Shooter (Gargoyle Hexslinger)                Turns: 1486, Time: 00:00:44

Health: -3/26      AC:  5    Str: 12    XL:     4   Next: 24%
Magic:  5/5        EV: 12    Int: 13    God:
Gold:   70         SH:  0    Dex: 14    Spells: 4/5 levels left

rFire   . . .        Y - +1 sling
rCold   . . .        (no shield)
rNeg    + . .        c - +0 robe
rPois   inf          (no helmet)
rElec   +            (no cloak)
rCorr   .            (no gloves)
SInv    .            (no boots)
Will    .....        i - amulet of faith
Stlth   +            (no ring)
HPRegen 0.24/turn    (no ring)
MPRegen 0.09/turn

%: faith
@: no status effects
A: sickness immunity, AC +3, negative energy resistance 1, electricity
resistance, torment resistance 1, petrification resistance
a: no special abilities


You were on level 6 of the Dungeon.
You visited 1 branch of the dungeon, and saw 4 of its levels.

You collected 70 gold pieces.


Innate Abilities, Weirdness & Mutations

You are immune to sickness and miasma.
Your stone body is resilient. (AC +3)
You are immune to poison.
You resist negative energy. (rN+)
You are resistant to electric shocks. (rElec)
You are resistant to unholy torment.
You are immune to petrification.


   Skills:
 - Level 2.0 Fighting
 + Level 4.1 Ranged Weapons
 - Level 1.5 Dodging
 - Level 1.0 Spellcasting
 - Level 2.6 Hexes


You had 4 spell levels left.
You knew the following spells:

 Your Spells              Type           Power      Damage    Failure   Level
a - Slow                  Hex            28%        N/A       10%         1

Your spell library contained the following spells:

 Spells                   Type           Power      Damage    Failure   Level
 Inner Flame              Hex/Fire       4%         N/A       43%         3
 Portal Projectile        Hex/Tloc       8%         N/A       43%         3
 Cause Fear               Hex            3%         N/A       67%         4

Inventory:

Hand Weapons
 Y - a +1 sling (weapon)
Armour
 a - a +0 leather armour
 c - a +0 robe (worn)
Jewellery
 i - an amulet of faith (around neck)
Scrolls
 b - a scroll of revelation {unknown}
Potions
 d - a potion of curing {unknown}
 e - a potion of brilliance {unknown}
 f - a potion of cancellation {unknown}

Dungeon Overview and Level Annotations

Branches:
Dungeon (3/15)

Altars:
Zin


Message History

There is an open door here.
You open the door.
There is an open door here.
Found a stone staircase leading down.
Enter note:
Found a stone staircase leading up.
Enter note:
Enter note: A sourceless malevolence fills the Dungeon...
You fall into a shaft and drop 3 floors!
The shaft crumbles and collapses.
As you open the door, it creaks loudly!
You now have 70 gold pieces (gained 10).
You open the door.
There is an open door here.
You open the door.
There is an open door here.
A steam dragon comes into view.
Waypoint 3 assigned to D:6.
Enter note: You shoot a sling bullet.
The steam dragon hisses angrily.
The sling bullet hits the steam dragon but does no damage.
The steam dragon breathes steam at you. The ball of steam hits you!
1480 ||| Stepping ~*~*~tactically~*~*~ (cloud).
You start resting.
You're standing in a cloud of steam!
1483 ||| Stepping ~*~*~tactically~*~*~ (cloud).
You start resting.
A steam dragon is nearby!
You shoot a sling bullet.
The sling bullet hits the steam dragon but does no damage.
The steam dragon breathes steam at you. The ball of steam hits you!
Ouch! That really hurt!
You shoot a sling bullet.
The sling bullet closely misses the steam dragon.
You are engulfed in a cloud of scalding steam.
You die...

.................
##.
.................
D.#####....#+#######
.....#....#..#
....#....'..#
...#....#..# #
#D##....#######
#.##¤###'#.......#
#..@..'..#.......+
#..¤..#..#.......#
##########.......#
#########


You could see a steam dragon.

Vanquished Creatures
  An adder (D:2)
  3 worms
  A dart slug (D:1)
  An orc (D:3)
  7 ball pythons
  2 endoplasms
  3 giant cockroaches
  2 goblins (D:2)
  5 hobgoblins
  2 jackals (D:2)
  2 quokkas
  5 bats
  2 frilled lizards
  5 kobolds
  8 rats
49 creatures vanquished.

Notes
Turn   | Place    | Note
-------+----------+-------------------------------------------
     0 | D:1      | qw the Gargoyle Hexslinger began the quest for the Orb.
     0 | D:1      | Reached XP level 1. HP: 12/12 MP: 2/2
     0 | D:1      | 0 ||| qw: Version: 0.3-a-46-gb1f654a
     0 | D:1      | 0 ||| qw: Game counter: 3100
     0 | D:1      | 0 ||| qw: Melee chars always use a shield: true
     0 | D:1      | 0 ||| qw: God list: Okawaru
     0 | D:1      | 0 ||| qw: Allow faded altars: false
     0 | D:1      | 0 ||| qw: Do Orc after clearing Dungeon:15 true
     0 | D:1      | 0 ||| qw: Do second Lair branch before Depths: true
     0 | D:1      | 0 ||| qw: Lair rune preference: random
     0 | D:1      | 0 ||| qw: Goals: Normal
     0 | D:1      | 0 ||| PLANNING D:1-11
   115 | D:1      | Reached XP level 2. HP: 15/16 MP: 3/3
   135 | D:1      | Reached skill level 3 in Ranged Weapons
   401 | D:1      | Reached XP level 3. HP: 21/21 MP: 4/4
   424 | D:1      | 424 ||| READING scroll labelled TITUCE USTRI.
   425 | D:1      | 425 ||| DROPPING scroll of poison.
   853 | D:2      | Found a glowing silver altar of Zin.
   868 | D:2      | Reached XP level 4. HP: 25/26 MP: 5/5
  1068 | D:2      | 1068 ||| UPGRADING to amulet of faith.
  1073 | D:2      | 1073 ||| DROPPING ring of magical power.
  1074 | D:2      | 1074 ||| READING scroll labelled LURUIFF ZUNI.
  1175 | D:2      | 1175 ||| READING scroll labelled FYTOLO ASAU.
  1176 | D:2      | 1176 ||| READING scroll labelled QIS CE SYASAIFF.
  1177 | D:2      | 1177 ||| READING 2 scrolls labelled SICOOPEITU.
  1178 | D:2      | 1178 ||| DROPPING scroll of blinking.
  1225 | D:3      | Reached skill level 4 in Ranged Weapons
  1453 | D:3      | You fall into a shaft and drop 3 floors!
  1478 | D:6      | Noticed a steam dragon
  1480 | D:6      | 1480 ||| Stepping ~*~*~tactically~*~*~ (cloud).
  1483 | D:6      | 1483 ||| Stepping ~*~*~tactically~*~*~ (cloud).
  1485 | D:6      | HP: 2/26 [steam dragon/ball of steam (17)]
  1486 | D:6      | Engulfed by a steam dragon's steam

Levels and vault maps discovered:
D:1:      lightli_arrival_flooded_house, layout_rooms
D:2:      layout_rooms, basic_altar, kennysheep_generic_room_7
D:3:      layout_loops_corners
D:6:      layout_gridville, minmay_temple_entry_drinking_statues,
          kennysheep_donut, uniq_edmund, uniq_eustachio, uniq_duvessa

Skill      XL: |  1  2  3  4 |
---------------+-------------+-----
Ranged Weapons | 3 4 |  4.1
Fighting       | 2 |  2.0
Dodging        | |  1.5
Spellcasting   | |  1.0
Hexes          | |  2.6

Action                     |  1- 3 |  4- 6 || total
---------------------------+-------+-------++-------
   Fire: Sling             |   134 |    45 ||   179
    Use: Scroll            |     1 |     4 ||     5
 Armour: Robe              |    26 |       ||    26
  Dodge: Dodged            |    43 |     5 ||    48

Table legend:
 A = Non-vault XP
 B = Vault XP
 C = Vault XP percentage of total XP
 D = Non-vault monster count
 E = Vault monster count
 F = Vault count percentage of total count
                 A         B        C        D         E       F
            +---------+---------+-------+---------+---------+-------
      Total |      97 |       5 |   4.9 |      46 |       3 |   6.1
            +---------+---------+-------+---------+---------+-------
        D:1 |      34 |       0 |   0.0 |      20 |       0 |   0.0
        D:2 |      51 |       5 |   8.9 |      20 |       3 |  13.0
        D:3 |      12 |       0 |   0.0 |       6 |       0 |   0.0
            +---------+---------+-------+---------+---------+-------
